 Dungeon Crawl Stone Soup version 0.20.1-1-g8b1a95d (webtiles) character file.

1392 polve the Zephyrmancer (level 8, -2/41 HPs)
             Began as a Tengu Air Elementalist on July 9, 2017.
             Was an Initiate of Dithmenos.
             Hit by a stone thrown by Edmund (3 damage)
             ... on level 6 of the Dungeon.
             The game lasted 00:14:51 (8617 turns).

polve the Zephyrmancer (Tengu Air Elementalist)     Turns: 8617, Time: 00:14:52

Health: -2/41      AC:  3    Str:  9    XL:     8   Next: 68%
Magic:  1/12       EV: 12    Int: 14    God:    Dithmenos [......]
Gold:   924        SH:  0    Dex: 15    Spells: 1/11 levels left

rFire    . . .     SeeInvis .   b - staff of air
rCold    . . .     Gourm    +   (no shield)
rNeg     . . .     Faith    .   u - +0 robe {MR+}
rPois    .         Spirit   .   (helmet restricted)
rElec    +         Reflect  .   (no cloak)
rCorr    .         Harm     .   h - +0 pair of gloves
MR       +....                  (boots unavailable)
Stlth    ++........             s - amulet of the gourmand
Regen    0.2/turn               w - -3 ring of intelligence (curse)
MPRegen  0.2/turn               (no ring)

@: very slightly contaminated, heavily drained
A: beak, talons 3, able to fly 1
a: Fly, Renounce Religion


You were on level 6 of the Dungeon.
You worshipped Dithmenos.
Dithmenos was noncommittal.
You were very full.

You visited 2 branches of the dungeon, and saw 7 of its levels.

You collected 924 gold pieces.

Inventory:

Hand Weapons
 a - a +0 spear of venom
Armour
 h - a +0 pair of gloves (worn)
 u - a +0 robe of magic resistance (worn)
Magical Staves
 b - an uncursed staff of air (weapon)
Jewellery
 s - an amulet of the gourmand (around neck)
 w - a cursed -3 ring of intelligence (left hand)
Wands
 v - a wand of digging (15/24)
Scrolls
 g - a scroll of teleportation
 i - 3 scrolls of identify
 n - 2 scrolls of enchant weapon
 q - 2 scrolls of magic mapping
Potions
 d - a potion of haste
 e - a potion of flight {unknown}
 l - a potion of resistance {unknown}
 m - 3 potions of mutation
 p - a potion of brilliance {unknown}
 t - a potion of berserk rage {unknown}
Books
 x - a book of Air

   Spells                             Type                      Level
   a - Shock                          Conjuration/Air              1
   b - Swiftness                      Charms/Air                   2
   c - Static Discharge               Conjuration/Air              3
   d - Airstrike                      Air                          4
   e - Lightning Bolt                 Conjuration/Air              5
Comestibles
 c - 4 bread rations
 f - 7 fruits
 k - a royal jelly
 o - 3 chunks of flesh
 r - 4 meat rations


   Skills:
 - Level 2.1(1.0) Dodging
 - Level 2.0(0.8) Stealth
 - Level 2.0(0.8) Spellcasting
 + Level 9.6(8.2) Conjurations
 + Level 10.3(8.8) Air Magic


You had one spell level left.
You knew the following spells:

 Your Spells              Type           Power        Failure   Level  Hunger
a - Shock                 Conj/Air       ####         1%          1    ##.....
b - Static Discharge      Conj/Air       #####...     2%          3    ####...
c - Airstrike             Air            #####.....   7%          4    #####..
s - Swiftness             Chrm/Air       ###.....     6%          2    ###....


Dungeon Overview and Level Annotations

Branches:
Dungeon (6/15)             Temple (1/1) D:6

Altars:
Ashenzari
Cheibriados
Dithmenos
Elyvilon
Fedhas
Gozag
Hepliaklqana
Kikubaaqudgha
Makhleb
Nemelex Xobeh
Okawaru
Qazlal
Ru
Sif Muna
Trog
Uskayaw
Vehumet
Xom
Yredelemnul
Zin
The Shining One

Annotations:
D:5 exclusion: oklob plant
D:6 Edmund


Innate Abilities, Weirdness & Mutations

You have a beak for a mouth.
You have claws for feet.
You can fly.


Message History

Edmund throws a stone.
The stone hits you.
* * * LOW HITPOINT WARNING * * *
You see here a stone.
You don't have enough magic at the moment.
Edmund throws a stone.
The stone hits you.
* * * LOW HITPOINT WARNING * * *
Okay, then.
Edmund throws a stone.
The stone hits you.
* * * LOW HITPOINT WARNING * * *
You see here a stone.
Okay, then.
As you read the scroll of fog, it crumbles to dust.
The scroll dissolves into smoke.
Edmund throws a stone.
The stone hits you but does no damage.
Edmund throws a stone.
The stone hits you.
* * * LOW HITPOINT WARNING * * *
There is an escape hatch in the ceiling here.
You see here a stone.
Edmund throws a stone.
The stone hits you.
You die...

#######................#
..........##....((.....#
.....#.........§§§(....#
####.<........§§@§.....##
###............§§§..(...#
......>..............(..#
).......................#
........)...............#
...........>....@.......#
........................#
...................>....#
...###..................#
#### ##.###.#.......#####
# #># #.#.....### ..
#.......# #. ##......#
##.....#


You could see Edmund.

Vanquished Creatures
  Sigmund (D:3)
  A sky beast (D:6)
  A necrophage (D:6)
  Blork the orc (D:6)
  A bullfrog (D:6)
  2 scorpions
  3 howler monkeys
  2 crimson imps (D:6)
  2 orc priests
  A hound (D:5)
  A jelly (D:5)
  Terence (D:3)
  4 worker ants
  An iguana (D:4)
  3 orc wizards
  4 gnolls (D:3)
  14 adders
  2 oozes
  An adder zombie (D:5)
  A worm (D:4)
  A dart slug (D:1)
  6 leopard geckos
  10 orcs
  4 giant cockroaches
  8 goblins
  12 hobgoblins
  21 jackals
  8 kobolds
  3 quokkas
  A ball python (D:3)
  14 bats
  5 frilled lizards
  A leopard gecko skeleton (D:4)
  7 rats
  2 fungi (D:4)
150 creatures vanquished.

Notes
Turn   | Place    | Note
-------+----------+-------------------------------------------
     0 | D:1      | polve the Tengu Air Elementalist began the quest for the Orb.
     0 | D:1      | Reached XP level 1. HP: 10/10 MP: 4/4
   122 | D:1      | Reached XP level 2. HP: 11/15 MP: 0/6
  1102 | D:1      | Reached XP level 3. HP: 19/19 MP: 4/7
  1231 | D:1      | Reached skill level 5 in Air Magic
  1541 | D:1      | You fall through a shaft!
  2164 | D:2      | Reached XP level 4. HP: 24/24 MP: 6/8
  2580 | D:2      | Learned a level 2 spell: Swiftness
  2921 | D:3      | Noticed Sigmund
  3003 | D:3      | Killed Sigmund
  3003 | D:3      | Reached skill level 5 in Conjurations
  3003 | D:3      | Reached skill level 6 in Air Magic
  3003 | D:3      | Gained mutation: You can fly. [Tengu growth]
  3003 | D:3      | Reached XP level 5. HP: 20/28 MP: 2/9
  3003 | D:3      | Reached XP level 6. HP: 23/32 MP: 2/10
  3626 | D:3      | Reached skill level 7 in Air Magic
  4116 | D:3      | Noticed Terence
  4173 | D:3      | Killed Terence
  4763 | D:4      | Reached XP level 7. HP: 29/36 MP: 7/11
  5424 | D:4      | Reached skill level 8 in Air Magic
  5637 | D:4      | Learned a level 3 spell: Static Discharge
  5642 | D:4      | Learned a level 4 spell: Airstrike
  6185 | D:5      | Entered Level 5 of the Dungeon
  6648 | D:5      | Reached skill level 9 in Air Magic
  6974 | D:5      | Reached XP level 8. HP: 41/41 MP: 3/12
  7038 | D:5      | Found a blossoming altar of Fedhas.
  7053 | D:5      | Noticed an oklob plant
  7630 | D:6      | Reached skill level 10 in Air Magic
  7996 | D:6      | Found a staircase to the Ecumenical Temple.
  7998 | D:6      | Noticed Blork the orc
  8007 | D:6      | Killed Blork the orc
  8016 | Temple   | Entered the Ecumenical Temple
  8083 | Temple   | Became a worshipper of Dithmenos the Shadowed
  8386 | D:6      | Identified a scroll of acquirement
  8586 | D:6      | Found a radiant altar of Vehumet.
  8589 | D:6      | Noticed Edmund
  8609 | D:6      | HP: 2/41 [Edmund/stone (2)]
  8616 | D:6      | HP: 1/41 [Edmund/stone (1)]
  8617 | D:6      | Hit by a stone thrown by Edmund

Skill      XL: |  1  2  3  4  5  6  7  8 |
---------------+-------------------------+-----
Conjurations   | 2 3 5 6 8 9 |  9.6
Air Magic      | 5 6 7 9 10 | 10.3
Dodging        | |  2.1
Stealth        | |  2.0
Spellcasting   | |  2.0

Action                   |  1- 3 |  4- 6 |  7- 9 || total
-------------------------+-------+-------+-------++-------
Melee: Unarmed           |     4 |       |       ||     4
       Kick              |     2 |     9 |    24 ||    35
       Short sword       |    10 |     5 |       ||    15
       Spear             |       |    30 |    78 ||   108
       Peck              |       |     3 |     7 ||    10
 Cast: Shock             |    77 |    90 |   165 ||   332
       Swiftness         |       |       |     1 ||     1
 Abil: Fly               |       |     2 |     1 ||     3
  Use: Potion            |     2 |     1 |     1 ||     4
       Scroll            |     2 |       |     6 ||     8
 Stab: Sleeping          |       |     1 |       ||     1
       Distracted        |       |       |     1 ||     1
  Eat: Chunk             |     5 |    20 |    15 ||    40
Armor: Robe              |     7 |     8 |     7 ||    22
Dodge: Dodged            |    25 |    49 |    79 ||   153
